 Dungeon Crawl Stone Soup version 0.19.4-8-ga85b6b9 (webtiles) character file.

18 Naow the Caller (level 2, -2/15 HPs)
             Began as a Deep Elf Summoner on Feb 10, 2017.
             Killed from afar by Natasha (8 damage)
             ... with a magic dart
             ... on level 2 of the Dungeon.
             The game lasted 00:01:42 (1827 turns).

Naow the Caller (Deep Elf Summoner)                 Turns: 1827, Time: 00:01:42

Health: -2/15      AC:  3    Str:  5    XL:     2   Next: 48%
Magic:  3/8        EV: 13    Int: 19    God:
Gold:   27         SH:  0    Dex: 15    Spells: 2 memorised, 5 levels left

rFire  . . .     SeeInvis .     e - +0 dagger
rCold  . . .     Gourm    .     a - +0 robe
rNeg   . . .     Faith    .     (no shield)
rPois  .         Spirit   .     (no helmet)
rElec  .         Reflect  .     i - +0 cloak
rCorr  .         Harm     .     (no gloves)
MR     .....                    (no boots)
Stlth  ++........               (no amulet)
                                (no ring)
                                (no ring)

@: no status effects
A: no striking features
a: no special abilities


You were on level 2 of the Dungeon.
You were not hungry.

You visited 1 branch of the dungeon, and saw 2 of its levels.

You collected 27 gold pieces.

Inventory:

Hand Weapons
 e - a +0 dagger (weapon)
Armour
 a - a +0 robe (worn)
 i - a +0 cloak (worn)
Jewellery
 p - an uncursed ring of resist corrosion {unknown}
Scrolls
 d - a scroll of identify {unknown}
 f - a scroll of enchant weapon {unknown}
 j - a scroll of immolation {unknown}
Potions
 n - a potion of resistance {unknown}
 o - a potion of ambrosia {unknown}
Books
 b - a book of Callings

   Spells                             Type                      Level
   a - Summon Small Mammal            Summoning                    1
   b - Call Imp                       Summoning                    2
   c - Call Canine Familiar           Summoning                    3
   d - Summon Guardian Golem          Hexes/Summoning              3
   e - Summon Lightning Spire         Summoning/Air                4
   f - Summon Ice Beast               Ice/Summoning                4
Comestibles
 c - 2 bread rations
 g - a royal jelly
 h - 5 fruits
 k - 3 chunks of flesh
 l - a beef jerky
 m - a meat ration


   Skills:
 - Level 2.4 Dodging
 - Level 2.4 Stealth
 + Level 3.5 Spellcasting
 * Level 4.9 Summonings


You had 5 spell levels left.
You knew the following spells:

 Your Spells              Type           Power        Failure   Level  Hunger
a - Summon Small Mammal   Summ           ###.         1%          1    None
b - Call Imp              Summ           ###.....     3%          2    ##.....


Dungeon Overview and Level Annotations

Branches:
Dungeon (2/15)

Altars:
Dithmenos

Annotations:
D:2 Natasha


Message History

Your quokka misses the white imp. The white imp gestures at you.
The puff of frost hits you!
Your quokka bites the white imp but does no damage.
The white imp closely misses your quokka.
You barely miss Natasha.
Natasha is moderately wounded.
Natasha closely misses you.
Your quokka bites the white imp.
The white imp misses your quokka.
Casting: Summon Small Mammal
Confirm with . or Enter, or press ? or * to list all spells.
A beastly little devil appears in a puff of frigid air.
Your quokka barely misses the white imp.
Natasha claws you.
The white imp closely misses your quokka.
Your quokka closely misses the white imp.
Natasha casts a spell at you. The magic dart hits you!
Ouch! That really hurt!
You die...

#.. ... .... ... ... ..#
. ####.. ..# #.
#....###..#### #.
#...#.##...#.....
#.###..#.#....#r.#####
###.........._.5@h5.....
..........#....#.#.#####
..........#...##.# #
..........###....#
..............####.#
...................#
........####..######
...............#
...............#


You could see Natasha, a white imp, a friendly white imp and a friendly quokka.

Vanquished Creatures
  A bat (D:1)
  A rat (D:1)
2 creatures vanquished.

Vanquished Creatures (collateral kills)
  An ooze (D:1)
  A dart slug (D:1)
  A leopard gecko (D:1)
  A ball python (D:2)
  A bat (D:1)
  3 giant cockroaches (D:1)
  3 goblins (D:1)
  3 hobgoblins
  A kobold (D:1)
  3 frilled lizards (D:1)
18 creatures vanquished.

Grand Total: 20 creatures vanquished

Notes
Turn   | Place    | Note
-------+----------+-------------------------------------------
     0 | D:1      | Naow the Deep Elf Summoner began the quest for the Orb.
     0 | D:1      | Reached XP level 1. HP: 10/10 MP: 6/6
  1071 | D:1      | Reached XP level 2. HP: 15/15 MP: 4/8
  1134 | D:1      | Learned a level 2 spell: Call Imp
  1801 | D:2      | Found a shadowy altar of Dithmenos.
  1813 | D:2      | Noticed Natasha
  1827 | D:2      | Killed from afar by Natasha

Action                   || total
-------------------------++-------
Melee: Unarmed           ||    17
       Dagger            ||     5
 Cast: Summon Small Mamm ||    39
       Call Imp          ||     3
 Stab: Sleeping          ||     2
  Eat: Chunk             ||     3
Armor: Robe              ||     7
Dodge: Dodged            ||    30
